 Dungeon Crawl Stone Soup version 0.28-a0-697-g47f3eba078 (webtiles) character file.

Game seed: 10201548977852479255

11394 ytrimaz the Protected (level 12, -22/101 HPs)
             Began as a Formicid Fighter on Oct 23, 2021.
             Was a Believer of Okawaru.
             Killed from afar by a deep elf knight (42 damage)
             ... with a shard of ice
             ... on level 10 of the Dungeon.
             The game lasted 00:21:55 (13391 turns).

ytrimaz the Protected (Formicid Fighter)           Turns: 13391, Time: 00:21:56

Health: -22/101    AC: 41    Str: 32    XL:     12   Next: 7%
Magic:  0/13       EV:  8    Int:  9    God:    Okawaru [**....]
Gold:   1376       SH: 10    Dex: 10    Spells: 11/11 levels left

rFire   + . .      SeeInvis +   m - +2 whip (venom)
rCold   . . .      Faith    .   z - +0 kite shield
rNeg    . . .      Spirit   +   f - +5 crystal plate armour
rPois   +          Reflect  .   (helmet unavailable)
rElec   .          Harm     .   t - +0 cloak
rCorr   .          Rampage  .   g - +1 pair of gloves
Will    +....                   (no boots)
Stlth   ..........              a - amulet of Paqineof {Spirit rPois Str+7}
HPRegen 0.26/turn               b - ring of protection from fire
MPRegen 0.13/turn               v - +4 ring of protection

@: heroic
A: permanent stasis, dig shafts and tunnels, antennae 3, four strong arms,
iridescent scales 1, wild magic 1
a: Dig, Shaft Self, Renounce Religion, Heroism


You were on level 10 of the Dungeon.
You worshipped Okawaru.
Okawaru was pleased with you.
You visited 2 branches of the dungeon, and saw 12 of its levels.
You also visited: Sewer.

You collected 1376 gold pieces.

Inventory:

Hand Weapons
 m - a +2 whip of venom (weapon)
 q - a +3 flail of draining
 s - a +1 falchion of holy wrath
Armour
 c - a +0 buckler
 f - a +5 crystal plate armour (worn)
 g - a +1 pair of gloves (worn)
 t - a +0 cloak (worn)
 z - a +0 kite shield (worn)
Jewellery
 a - the amulet of Paqineof (around neck) {Spirit rPois Str+7}
   (You acquired it on level 7 of the Dungeon)

   [amulet of guardian spirit]

   It causes incoming damage to be divided between your reserves of health and
   magic.
   Str:       It affects your strength (+7).
   rPois:     It protects you from poison.
 b - a ring of protection from fire (left hand)
 d - an amulet of magic regeneration
 v - a +4 ring of protection (right hand)
Wands
 k - a wand of iceblast (4)
 x - a wand of flame (10)
Scrolls
 h - 3 scrolls of fog
 j - a scroll of amnesia
 u - a scroll of identify
 y - a scroll of magic mapping
Potions
 i - 3 potions of brilliance
 l - 4 potions of invisibility
 n - a potion of cancellation
 o - 3 potions of curing
 p - a potion of resistance
 r - a potion of haste
 w - a potion of flight


   Skills:
 * Level 11.7(16.7) Fighting
 - Level 3.6(12.9) Axes
 * Level 11.0(16.2) Maces & Flails
 - Level 0.2(11.9) Staves
 * Level 12.9(17.9) Armour
 * Level 3.8(8.8) Shields
 * Level 2.1 Invocations


You had 11 spell levels left.
You didn't know any spells.
Your spell library contained the following spells:

 Spells                   Type           Power      Damage    Failure   Level
 Shock                    Conj/Air       0%         1d3       99%         1
 Ensorcelled Hibernation  Hex/Ice        0%         N/A       100%        2
 Static Discharge         Conj/Air       0%         N/A       100%        2
 Lesser Beckoning         Tloc           0%         N/A       100%        3
 Airstrike                Air            0%         N/A       100%        4
 Dispel Undead            Necr           0%         3d6       100%        4
 Petrify                  Tmut/Erth      0%         N/A       100%        4
 Sticky Flame             Conj/Fire      0%         2d3       100%        4
 Manifold Assault         Tloc           0%         N/A       100%        5
 Metabolic Englaciation   Hex/Ice        0%         N/A       100%        5
 Statue Form              Tmut/Erth      0%         N/A       100%        6
 Blink                    Tloc           Unusable   N/A       N/A         2
 Swiftness                Air            Unusable   N/A       N/A         3
 Tukima's Dance           Hex            Unusable   N/A       N/A         3

Dungeon Overview and Level Annotations

Branches:
Dungeon (11/15)            Temple (1/1) D:4            Lair (0/6) D:10
    Orc (0/2) D:9           Sewer (visited)

Altars:
Ashenzari
Cheibriados
Dithmenos
Elyvilon
Fedhas
Gozag
Hepliaklqana
Kikubaaqudgha
Makhleb
Nemelex Xobeh
Okawaru
Qazlal
Ru
Sif Muna
Trog
Uskayaw
Vehumet
Wu Jian
Xom
Yredelemnul
Zin
The Shining One

Shops:
D:3 [   D:5 *   D:6 =

Annotations:
D:4 2 runed translucent doors, tatocazan's ghost, amateur DsFi
D:5 1 runed translucent door, AttackTheMoon's ghost, novice HOAK
D:10 exclusion: oklob plant


Innate Abilities, Weirdness & Mutations

You cannot be hasted, slowed, berserked, paralysed or teleported.
You can dig through walls and to a lower floor.
You have a pair of large antennae on your head. (SInv)
Your four strong arms can wield two-handed weapons with a shield.
You are partially covered in iridescent scales. (AC +2)
Your spells are a little harder to cast, but a little more powerful.


Message History

The shard of ice hits the deep elf knight!
You climb upwards.
Level annotation: exclusion: oklob plant
There is a stone staircase leading down, spattered with blood here.
Okay, then.
You gain the combat prowess of a mighty hero.
The deep elf knight hits you with a +0 scimitar!
* * * LOW HITPOINT WARNING * * *
You hit the deep elf knight.
The deep elf knight looks as sick as possible!
The deep elf knight is severely wounded.
The deep elf knight hits you but does no damage.
You closely miss the deep elf knight.
The deep elf knight is severely wounded.
You block the deep elf knight's attack.
You miss the deep elf knight.
The deep elf knight is severely wounded.
The deep elf knight seems less brilliant.
The deep elf knight hits you but does no damage.
Press: ? - help, v - describe, . - travel
Here: a deep elf knight, wielding a +0 scimitar and wearing a +0 leather armour (severely wounded, fast, slightly transparent, extremely poisoned)
The floor.
You feel much better. The deep elf knight barely misses you.
You miss the deep elf knight.
The deep elf knight is severely wounded.
The deep elf knight hits you but does no damage.
You hit the deep elf knight.
The deep elf knight looks as sick as possible!
The deep elf knight is almost dead.
The deep elf knight points at you and mumbles some strange words.
The lance of force hits you!
* * * LOW HITPOINT WARNING * * *
You are knocked back by the lance of force.
You slam into the rock wall!
Unknown command.
Things that are here:
a +0 chain mail; a +0 scimitar; an orc skeleton The deep elf knight points at you and mumbles some strange words.
The shard of ice hits you!!!
You die...

.................####............
#..........#...................(.
#..........##..#.................
...##..##.....####....#.#.......#
........#.....# #.....#........#
........#...>.####..##...........
............##.#.#...............
...................#....#........
........#.......@.##.............
.....#.##......e######...........
...#####.......>..##...##........
#.#####...#.....[.#.....#........
###...................#........(.
#....................##.......#.
#.....#....##...#.............#.
#######....#######............#.
#....# ####.....(......##.


You could see a deep elf knight (fast, invisible, extremely poisoned).

Vanquished Creatures
  Erica (D:10)
  Nergalle (D:10)
  An orc knight (D:10)
  An ugly thing (D:7)
  A deep elf pyromancer (D:8)
  An unseen horror (D:10)
  Maggie (D:7)
  A hornet (D:7)
  A troll (D:10)
  9 yaks
  A wraith (D:10)
  Eustachio (D:5)
  2 steam dragons
  Edmund (D:6)
  A warg (D:9)
  2 water moccasins
  3 orc warriors
  A sky beast (D:6)
  2 ice beasts
  A black bear (D:5)
  An ogre (D:3)
  6 centaurs
  2 phantoms
  Blork the orc (D:4)
  3 kobold brigands
  3 bullfrogs
  A wyvern zombie (D:9)
  A water moccasin zombie (D:5)
  5 wights (D:9)
  A water moccasin skeleton (D:6)
  3 killer bees
  4 howler monkeys
  A bullfrog zombie (D:6)
  A centaur zombie (D:6)
  2 jellies
  A bullfrog skeleton (D:6)
  A gnoll shaman (D:8)
  12 orc priests
  3 hounds
  3 iguanas
  7 orc wizards
  A hound skeleton (D:4)
  3 howler monkey zombies
  3 gnolls (D:8)
  6 river rats
  11 adders
  A shadow imp (D:5)
  A white imp (D:7)
  2 adder skeletons (D:4)
  4 worms
  14 dart slugs
  30 orcs
  14 ball pythons
  9 endoplasms
  5 giant cockroaches
  8 goblins
  10 hobgoblins
  3 jackals (D:3)
  6 quokkas
  9 bats
  7 frilled lizards
  29 kobolds
  26 rats
297 creatures vanquished.

Vanquished Creatures (others)
  3 fungi (D:2)
  A plant (D:2)
4 creatures vanquished.

Grand Total: 301 creatures vanquished

Notes
Turn   | Place    | Note
-------+----------+-------------------------------------------
     0 | D:1      | ytrimaz the Formicid Fighter began the quest for the Orb.
     0 | D:1      | Reached XP level 1. HP: 18/18 MP: 1/1
    55 | D:1      | Reached XP level 2. HP: 15/24 MP: 2/2
    70 | D:1      | Reached XP level 3. HP: 10/30 MP: 3/3
   819 | D:1      | Identified a scroll of acquirement
   819 | D:1      | Acquired a +2 crystal plate armour
  1142 | D:2      | Reached XP level 4. HP: 37/37 MP: 4/4
  1172 | D:2      | Reached skill level 4 in Armour
  1851 | D:2      | Found a faded altar of an unknown god.
  2139 | D:3      | Found Nosagoss's Armour Shop.
  2333 | D:3      | Reached XP level 5. HP: 40/42 MP: 5/5
  2484 | D:3      | Noticed an ice beast
  2498 | D:3      | Killed an ice beast
  2499 | D:3      | Reached skill level 1 in Maces & Flails
  2499 | D:3      | Reached XP level 6. HP: 36/49 MP: 6/6
  2726 | D:3      | Noticed an ogre
  2742 | D:3      | Killed an ogre
  2743 | D:3      | Reached skill level 5 in Armour
  2954 | D:3      | Reached skill level 5 in Fighting
  3084 | D:3      | Found a radiant altar of Vehumet.
  3487 | D:4      | Found a runed translucent door.
  3488 | D:4      | Noticed tatocazan's ghost (amateur DsFi)
  3519 | D:4      | Found a staircase to the Ecumenical Temple.
  3539 | D:4      | Noticed Blork the orc
  3543 | Temple   | Entered the Ecumenical Temple
  3788 | D:4      | Reached XP level 7. HP: 7/56 MP: 7/7
  3789 | D:4      | Killed Blork the orc
  3791 | D:4      | HP: 4/84 [adder skeleton (3)]
  4365 | D:4      | Found a runed translucent door.
  4575 | D:4      | Identified the +1 ring mail "Ejuneot" {rPois rN+ rCorr
                  | Stlth-}
  4625 | D:5      | Entered Level 5 of the Dungeon
  4729 | D:5      | Found a runed translucent door.
  4731 | D:5      | Noticed AttackTheMoon's ghost (novice HOAK)
  4868 | D:5      | Reached skill level 6 in Armour
  5009 | D:5      | Reached XP level 8. HP: 46/63 MP: 8/8
  5240 | D:5      | Found Xorchumugg's Overcharged Wands.
  5306 | D:5      | Found a white marble altar of Elyvilon.
  5504 | D:5      | Noticed Eustachio
  5565 | D:5      | Killed Eustachio
  5566 | D:5      | Reached skill level 5 in Maces & Flails
  5887 | D:5      | Found a burning altar of Makhleb.
  6536 | D:6      | Found Fiss's Jewellery Shoppe.
  6575 | D:6      | Found a glowing drain.
  6599 | Sewer    | Entered a sewer
  6828 | Sewer    | Reached skill level 7 in Armour
  7001 | Sewer    | Reached XP level 9. HP: 35/71 MP: 9/9
  7283 | D:6      | Noticed Edmund
  7312 | D:6      | Killed Edmund
  7990 | D:7      | Reached skill level 8 in Armour
  8001 | D:7      | Noticed a hornet
  8019 | D:7      | Noticed Maggie
  8041 | D:7      | Gained mutation: You are partially covered in iridescent
                  | scales. (AC +2) [potion of mutation]
  8041 | D:7      | Gained mutation: Your spells are a little harder to cast,
                  | but a little more powerful. [potion of mutation]
  8048 | D:7      | Killed Maggie
  8119 | D:8      | Reached skill level 10 in Fighting
  8119 | D:8      | Reached skill level 11 in Armour
  8119 | D:8      | Reached XP level 10. HP: 16/86 MP: 10/10
  8123 | D:8      | You fall into a shaft and drop 2 floors!
  8123 | D:10     | Entered Level 10 of the Dungeon
  8790 | D:7      | Noticed a cyan ugly thing
  8840 | D:7      | Killed a cyan ugly thing
  9191 | D:7      | Acquired the amulet of Paqineof {Spirit rPois Str+7}
  9224 | D:7      | Reached XP level 11. HP: 85/92 MP: 9/11
  9327 | D:7      | Found a stormy altar of Qazlal.
  9932 | D:8      | Found a bloodstained altar of Trog.
  9932 | D:8      | Found an iron altar of Okawaru.
  9950 | D:8      | Became a worshipper of Warmaster Okawaru
 10249 | D:8      | Noticed a deep elf pyromancer
 10257 | D:8      | Killed a deep elf pyromancer
 10258 | D:8      | Reached skill level 10 in Maces & Flails
 10476 | D:8      | Acquired 772 gold pieces
 10891 | D:9      | Found a staircase to the Orcish Mines.
 10959 | D:9      | Reached * piety under Okawaru
 10960 | D:9      | Reached skill level 12 in Armour
 10995 | D:9      | You fall into a shaft and drop 2 floors!
 11412 | D:10     | Found a staircase to the Lair.
 11414 | D:10     | Noticed an oklob plant
 11711 | D:10     | Noticed Nergalle
 11734 | D:10     | Killed Nergalle
 12085 | D:9      | Reached skill level 1 in Invocations
 12595 | D:9      | Found a hazy altar of Hepliaklqana.
 12855 | D:10     | Found a shimmering blue altar of Sif Muna.
 12943 | D:10     | Reached ** piety under Okawaru
 13114 | D:11     | Noticed an orc knight
 13114 | D:11     | Noticed Erica
 13142 | D:10     | Killed an orc knight
 13157 | D:11     | Noticed a deep elf knight
 13171 | D:10     | Killed Erica
 13172 | D:10     | Reached XP level 12. HP: 52/101 MP: 10/13
 13374 | D:11     | Noticed a deep elf knight
 13375 | D:11     | Noticed a deep elf knight
 13391 | D:10     | Killed from afar by a deep elf knight

Illustrated notes

Levels and vault maps discovered:
D:1:      ebering_trefoil_twist, layout_basic, minmay_pentomino_z4
D:2:      layout_basic, shapermc_ecumenical_altar_acropolis,
          roderic_serpentine_path
D:3:      kennysheep_slugbush, layout_loops_corners, vehumet_crystals,
          serial_shops, shop
D:4:      layout_cave_pools, minmay_temple_entry_mini_moons,
          ebering_ghost_sewer_f, uniq_blork_the_orc
D:5:      minmay_inner_zag, layout_gridville, elyvilon_altar_1,
          kennysheep_mini_moat, ebering_ghost_inner_flame,
          nicolae_shop_overcharged_wands, uniq_eustachio
D:6:      layout_basic, serial_shops, shop_statue, gup_sewer_entry_bubbles,
          uniq_edmund
D:7:      layout_rooms, mainiacjoe_overflow_alcove_4,
          nicolae_ossuary_entry_monument, uniq_maggie
D:8:      layout_basic, grunt_temple_overflow_bloody_war,
          guppyfry_early_elven_hall
D:9:      layout_rooms, mainiacjoe_overflow_24_doors, erik_orc_4
D:10:     layout_cave_pools, led_sif_pool, dpeg_oklobed_lair,
          serial_bayou_pond_d, uniq_nergalle
D:11:     minmay_skewed_foursquare, layout_basic, sword_in_stone
Temple:   eino_temple_water

Skill      XL: |  1  2  3  4  5  6  7  8  9 10 11 12 |
---------------+-------------------------------------+-----
Armour         | 4 5 6 7 11 12 | 12.9
Axes           | 3 |  3.6
Fighting       | 4 5 6 10 11 | 11.7
Maces & Flails | 1 2 4 6 9 10 11 | 11.0
Invocations    | 2 |  2.1
Staves         | |  0.2
Shields        | |  3.8

Action                   |  1- 3 |  4- 6 |  7- 9 | 10-12 || total
-------------------------+-------+-------+-------+-------++-------
Melee: War axe           |    70 |   123 |       |       ||   193
       Whip              |       |    90 |   469 |   506 ||  1065
       Falchion          |       |       |       |    56 ||    56
Invok: Heroism           |       |       |       |     5 ||     5
 Abil: Dig               |     1 |     2 |     9 |     7 ||    19
       Shaft Self        |       |       |       |     2 ||     2
  Use: Scroll            |     4 |     5 |     7 |     6 ||    22
       Potion            |       |     2 |     7 |     1 ||    10
Armor: Scale mail        |    47 |       |       |       ||    47
       Crystal plate arm |     8 |   178 |   497 |   425 ||  1108
       Skin              |       |     6 |     3 |       ||     9
Dodge: Dodged            |    45 |    33 |    94 |   137 ||   309
Block: Buckler           |    26 |    59 |   139 |    84 ||   308
       Kite shield       |       |       |       |    15 ||    15

Table legend: (Time is in decaauts)
 A = Elapsed time spent in this place.
 B = Non-inter-level travel time spent in this place.
 C = Inter-level travel time spent in this place.
 D = Time resting spent in this place.
 E = Time spent auto-exploring this place.
 F = Levels seen in this place.
 G = Mean time per level.
                   A        B        C        D        E       F      G
               +--------+--------+--------+--------+--------+-----+--------+
         Total |  13256 |  12708 |    548 |   3065 |   6450 |  13 | 1019.7 |
       Dungeon |  12415 |  11873 |    542 |   3048 |   5942 |  11 | 1128.6 |
        Temple |    216 |    210 |      6 |      0 |    177 |   1 |  216.0 |
         Sewer |    624 |    624 |      0 |     17 |    330 |   1 |  624.0 |
               +--------+--------+--------+--------+--------+-----+--------+

Top non-repeatable levels by time:
     D:5: 1700 daAuts
     D:3: 1693 daAuts
     D:6: 1388 daAuts
    D:10: 1303 daAuts
     D:9: 1239 daAuts
     D:8: 1182 daAuts
     D:1: 1107 daAuts
     D:2: 1083 daAuts
     D:7: 705 daAuts
   Sewer: 624 daAuts
     D:4: 602 daAuts
    D:11: 408 daAuts
  Temple: 216 daAuts
